 Dungeon Crawl Stone Soup version 0.30-a0-870-gc5d4c5acee (webtiles) character file.

Game seed: 17981175206535442112

169 cforsyth the Trooper (level 5, 0/43 HPs)
             Began as a Barachi Fighter on Mar 12, 2023.
             Killed from afar by a white imp (10 damage)
             ... with a puff of frost
             ... on level 4 of the Dungeon.
             The game lasted 00:02:30 (2338 turns).

cforsyth the Trooper (Barachi Fighter)              Turns: 2338, Time: 00:02:31

Health: 0/43       AC:  9    Str: 19    XL:     5   Next: 50%
Magic:  5/5        EV:  9    Int:  8    God:
Gold:   192        SH:  5    Dex: 12    Spells: 4/4 levels left

rFire   . . .      SeeInvis .    a - +0 war axe
rCold   . . .      Faith    .    c - +0 buckler
rNeg    . . .      Spirit   .    b - +0 scale mail
rPois   .          Reflect  .    (no helmet)
rElec   .          Rampage  .    n - +1 cloak
rCorr   .                        (no gloves)
Will    .....                    (no boots) Stlth
                                 (no amulet)
HPRegen 0.27/turn                (no ring)
MPRegen 0.09/turn                (no ring)

@: weak-willed, slow
A: amphibious, slowness 1, strong legs 1, +LOS
a: Hop


You were on level 4 of the Dungeon.
You visited 1 branch of the dungeon, and saw 4 of its levels.

You collected 192 gold pieces.

Inventory:

Hand Weapons
 a - a +0 war axe (weapon)
Armour
 b - a +0 scale mail (worn)
 c - a +0 buckler (worn)
 n - a +1 cloak (worn)
Jewellery
 q - a ring of ice
Scrolls
 e - a scroll of fog {unknown}
 f - a scroll of poison {unknown}
 h - a scroll of torment
 i - a scroll of identify
 j - 3 scrolls of vulnerability
 l - a scroll of amnesia {unknown}
 p - a scroll of blinking {unknown}
 r - a scroll of enchant armour
 s - a scroll of silence {unknown}
Potions
 d - 4 potions of might
 g - 2 potions of mutation {unknown}
 k - 3 potions of curing
 m - a potion of haste {unknown}
 o - a potion of degeneration {unknown}


   Skills:
 + Level 4.8 Fighting
 + Level 3.5 Axes
 + Level 4.7 Armour
 + Level 4.3 Shields


You had 4 spell levels left.
You didn't know any spells.
Your spell library was empty.

Dungeon Overview and Level Annotations

Branches:
Dungeon (4/15)
 Temple: D:4-7

Altars:
Okawaru

Shops:
D:1 *   D:2 ?


Innate Abilities, Weirdness & Mutations

You are amphibious.
You cover ground slowly.
You can hop short distances.
You have an extended range of vision and can be seen from far away.


Message History

No target in view!
No target in view!
No target in view!
No target in view!
No target in view!
No target in view!
Done exploring.
Done exploring.
(D) Dungeon
Where to? (Enter - D:3, ? - help)
There is a stone staircase leading down here.
You climb downwards.
You hear the hiss of flowing sand.
There is an entrance to an ossuary on this level.
Hurry and find it before the portal is buried!
The white imp shouts!
The white imp shouts, "Take thy face hence, thou venomed two-tin-hat clotpole!"
Found 6 stones.
There is a stone staircase leading up here.
As you read the scroll labelled NEXZUMP FOLO, it crumbles to dust.
Magic quickly surges around you.
It was a scroll of vulnerability.
As you read the scroll labelled PYDDIXKA AGIUL, it crumbles to dust.
It is a scroll of enchant armour.
Your +0 cloak glows green for a moment.
As you read the scroll labelled FENOUC XATHRAGG, it crumbles to dust.
Your body is wracked with pain!
It was a scroll of torment.
You block the white imp's attack.
As you read the scroll labelled ILLEJYATIY, it crumbles to dust.
It is a scroll of identify.
k - 3 potions of curing The white imp gestures at you.
The puff of frost hits you!
You barely miss the white imp. The white imp barely misses you.
You hit the white imp.
The white imp is moderately wounded.
The white imp gestures at you. The puff of frost hits you.
* * * LOW HITPOINT WARNING * * *
The white imp gestures at you. The puff of frost hits you!
You die...

.. .≈≈ ≈≈.
P.#######
......P##
#..P...##
.5..P..#
♣.5...####
#.@......#
............##.#
..(####.....#
#.##### #. #. #.
##


You could see 2 white imps.

Vanquished Creatures
  Terence (D:2)
  Natasha (D:2)
  7 adders
  A worm (D:3)
  2 dart slugs
  An orc (D:3)
  8 bats
  3 endoplasms
  2 giant cockroaches (D:2)
  4 goblins
  3 hobgoblins
  4 quokkas
  5 ball pythons
  3 frilled lizards
  4 kobolds
  3 rats
52 creatures vanquished.

Notes
Turn   | Place    | Note
-------+----------+-------------------------------------------
     0 | D:1      | cforsyth the Barachi Fighter began the quest for the Orb.
     0 | D:1      | Reached XP level 1. HP: 18/18 MP: 1/1
    81 | D:1      | Reached XP level 2. HP: 14/25 MP: 2/2
   223 | D:1      | Found Peuv's General Store.
   385 | D:1      | Reached XP level 3. HP: 30/30 MP: 3/3
   465 | D:2      | Found an iron altar of Okawaru.
   647 | D:2      | Noticed Terence
   659 | D:2      | Killed Terence
   660 | D:2      | Reached XP level 4. HP: 31/38 MP: 4/4
   910 | D:2      | Found Ygraquyt's Magic Scroll Shop.
  1269 | D:2      | Found a faded altar of an unknown god.
  1270 | D:2      | Noticed Natasha
  1280 | D:2      | Killed Natasha
  1281 | D:2      | Reached XP level 5. HP: 41/43 MP: 5/5
  2338 | D:4      | Killed from afar by a white imp

Illustrated notes

Levels and vault maps discovered:
D:1:      onia_arrival_pyramid, layout_rooms, serial_shops,
          nicolae_diamond_shop, minmay_misc_feat_tiny,
          chequers_serial_rivers_micro_c, corexii_leaking_fountain
D:2:      layout_loops_ring, serial_co_window_serial, co_window_paths_a,
          co_window_corner_a, co_window_paths_a, co_window_paths_a,
          co_window_paths_a, co_window_paths_a, co_window_of_opportunity_a,
          co_window_corner_a, co_window_corner_a, co_window_of_opportunity_c,
          co_window_corner_b, co_window_corner_b, co_window_unsneaky_path_e,
          co_window_corner_b, glass_columns_a, glass_columns_b, glass_columns_b,
          glass_columns_c, serial_shops, nicolae_shop_hallway_stairs,
          nicolae_ecumenical_snake_handling, basic_altar, minmay_tripent,
          uniq_natasha, uniq_terence
D:3:      layout_loops_ring, item_on_display_a
D:4:      layout_loops_ring, nzn_overflow_gifts_of_might_and_magic,
          old_standard_altar, mainiacjoe_overflow_catwalk_spiral,
          enter_ossuary_3, serial_demonic, serial_demonic_d, serial_demonic_e,
          serial_demonic_d, serial_demonic_e, serial_demonic_e,
          serial_demonic_d, serial_demonic_c, serial_demonic_g,
          serial_demonic_g, serial_demonic_b,
          hangedman_abyss_or_decor_lesser_grid, uniq_crazy_yiuf_cottage,
          uniq_edmund, uniq_blork_the_orc

Skill      XL: |  1  2  3 |
---------------+----------+-----
Armour         | 4 |  4.7
Fighting       | 4 |  4.8
Axes           | 3 |  3.5
Shields        | 4 |  4.3

Action                     |  1- 3 |  4- 6 || total
---------------------------+-------+-------++-------
  Melee: War axe           |    85 |    77 ||   162
    Use: Scroll            |       |     4 ||     4
 Armour: Scale mail        |    56 |    50 ||   106
  Dodge: Dodged            |    57 |    30 ||    87
  Block: Buckler           |    26 |    24 ||    50

Table legend: (Time is in decaauts)
 A = Elapsed time spent in this place.
 B = Non-inter-level travel time spent in this place.
 C = Inter-level travel time spent in this place.
 D = Time resting spent in this place.
 E = Time spent auto-exploring this place.
 F = Levels seen in this place.
 G = Mean time per level.
                   A        B        C        D        E       F      G
               +--------+--------+--------+--------+--------+-----+--------+
         Total |   2777 |   2694 |     83 |      0 |   2271 |   4 |  694.2 |
       Dungeon |   2777 |   2694 |     83 |      0 |   2271 |   4 |  694.2 |
               +--------+--------+--------+--------+--------+-----+--------+

Top non-repeatable levels by time:
     D:2: 1392 daAuts
     D:3: 823 daAuts
     D:1: 554 daAuts
     D:4: 7 daAuts
